 Dungeon Crawl Stone Soup version 0.29-a0-370-gb5314be063 (webtiles) character file.

Game seed: 17265457317128047992

335 Artihs the Skirmisher (level 6, -3/49 HPs)
             Began as a Human Fighter on May 1, 2022.
             Slain by an orc warrior
             ... wielding a +2 hand axe of freezing
              (5 damage)
             ... on level 4 of the Dungeon.
             The game lasted 00:14:21 (2918 turns).

Artihs the Skirmisher (Human Fighter)               Turns: 2918, Time: 00:14:27

Health: -3/49      AC:  8    Str: 18    XL:     6   Next: 84%
Magic:  6/6        EV:  9    Int:  9    God:
Gold:   233        SH:  4    Dex: 12    Spells: 5/5 levels left

rFire   . . .      SeeInvis .   a - +0 flail
rCold   . . .      Faith    .   c - +0 buckler
rNeg    . . .      Spirit   .   b - +0 scale mail
rPois   .          Reflect  .   (no helmet)
rElec   .          Harm     .   (no cloak)
rCorr   .          Rampage  .   (no gloves)
Will    .....                   j - +0 pair of boots
Stlth   ..........              (no amulet)
HPRegen 0.16/turn               (no ring)
MPRegen 0.10/turn               (no ring)

@: no status effects
A: no striking features
a: no special abilities


You were on level 4 of the Dungeon.
You visited 1 branch of the dungeon, and saw 4 of its levels.

You collected 233 gold pieces.

Inventory:

Hand Weapons
 a - a +0 flail (weapon)
 k - a +0 hand crossbow
Missiles
 n - 5 poisoned darts
Armour
 b - a +0 scale mail (worn)
 c - a +0 buckler (worn)
 j - a +0 pair of boots (worn)
Scrolls
 f - a scroll of magic mapping {unknown}
 i - a scroll of enchant weapon {unknown}
 l - 3 scrolls of identify {unknown}
 m - a scroll of immolation {unknown}
Potions
 e - a potion of degeneration {unknown}
 g - a potion of curing {unknown}
 h - a potion of ambrosia {unknown}
 o - a potion of heal wounds {unknown}


   Skills:
 * Level 4.5 Fighting
 * Level 3.6 Maces & Flails
 + Level 1.5 Crossbows
 + Level 3.7 Armour
 + Level 2.0 Dodging
 + Level 3.7 Shields


You had 5 spell levels left.
You didn't know any spells.
Your spell library contained the following spells:

 Spells                   Type           Power      Damage    Failure   Level
 Sandblast                Erth           0%         2d4       86%         1
 Passwall                 Tmut/Erth      0%         N/A       94%         2
 Static Discharge         Conj/Air       0%         N/A       94%         2
 Stone Arrow              Conj/Erth      0%         3d7       99%         3
 Lightning Bolt           Conj/Air       0%         1d11      100%        5
 Maxwell's Capacitive Co  Air            0%         ∞         100%        8


Dungeon Overview and Level Annotations

Branches:
Dungeon (4/15)             Temple (0/1) D:4

Altars:
Yredelemnul

Annotations:
D:3 2 transporters, 4 runed translucent doors, Crazy Yiuf; Zero's ghost, amateur DESu; flestrin's ghost, amateur DEHu


Message History

The orc hits you with a +0 short sword.
You sock the orc!
You kill the orc!
You sock the orc warrior!
The orc warrior is moderately wounded.
The orc warrior hits you with a +2 hand axe of freezing!
The orc warrior freezes you.
You barely miss the orc warrior.
The orc warrior is moderately wounded.
The orc warrior hits you with a +2 hand axe of freezing.
The orc warrior freezes you.
You hit the orc warrior but do no damage.
The orc warrior is moderately wounded.
The orc warrior hits you with a +2 hand axe of freezing.
The orc warrior freezes you.
The orc warrior hits you with a +2 hand axe of freezing.
The orc warrior freezes you.
Aiming: Mindburst
Press: ? - help, Q - select action, (/) - cycle Shift-Dir - straight line, f - orc warrior
Aim: an orc warrior, wielding a +2 hand axe of freezing and wearing a +0 chain mail (moderately wounded, chance to affect: 64%)
The orc warrior's mind is blasted!!
The now-empty wand crumbles to dust.
You hear a shout!
The orc warrior hits you with a +2 hand axe of freezing.
The orc warrior freezes you.
You are too injured to fight recklessly!
You are too injured to fight recklessly!
You are too injured to fight recklessly!
You barely miss the orc warrior.
The orc warrior is almost dead.
The orc warrior hits you with a +2 hand axe of freezing!
* * * LOW HITPOINT WARNING * * *
The orc warrior freezes you.
* * * LOW HITPOINT WARNING * * *
You hit the orc warrior but do no damage.
The orc warrior is almost dead.
An orc warrior comes into view.
It is wielding a +2 short sword of venom.
The orc warrior hits you with a +2 hand axe of freezing!
* * * LOW HITPOINT WARNING * * *
The orc warrior freezes you.
You die...

.........# .....#..##
..... ....##..# .....
..####..# ...... .##
#..# ...... ## #..#
#...... #..# ###
.......
#..###.#####.......
#..##....oo@......# #
##..#..#.o#####...##.#
#..<...#...## ##..#
#....#.#.#..## #....
#.....###....###..#
#..#...#...#....#
#....#.....#.....#
#..#####.>o#####...#
#.. #.....# ....#


You could see 2 orc warriors and an orc.

Vanquished Creatures
  Grinder (D:3)
  Ijyb (D:3)
  A hound zombie (D:3)
  2 adders (D:3)
  An adder zombie (D:3)
  A worm (D:2)
  4 dart slugs
  An orc (D:4)
  4 bats
  5 endoplasms
  4 giant cockroaches
  3 goblins
  6 hobgoblins
  2 jackals (D:1)
  7 kobolds
  4 quokkas
  4 ball pythons
  4 frilled lizards
  5 rats
60 creatures vanquished.

Vanquished Creatures (others)
  5 toadstools (D:1)
5 creatures vanquished.

Grand Total: 65 creatures vanquished

Notes
Turn   | Place    | Note
-------+----------+-------------------------------------------
     0 | D:1      | Artihs the Human Fighter began the quest for the Orb.
     0 | D:1      | Reached XP level 1. HP: 18/18 MP: 1/1
    60 | D:1      | Reached XP level 2. HP: 21/24 MP: 2/2
   285 | D:1      | Reached XP level 3. HP: 26/29 MP: 3/3
   412 | D:1      | Found a faded altar of an unknown god.
  1470 | D:2      | Reached XP level 4. HP: 35/35 MP: 4/4
  1514 | D:2      | Found a basalt altar of Yredelemnul.
  1578 | D:2      | Reached skill level 1 in Dodging
  1664 | D:2      | You fall into a shaft and drop 1 floor!
  1678 | D:3      | Found a transporter.
  1684 | D:3      | Noticed Zero's ghost (amateur DESu)
  1752 | D:3      | Found a runed translucent gate.
  1752 | D:3      | Found a runed translucent gate.
  1752 | D:3      | Found a runed translucent gate.
  1752 | D:3      | Noticed flestrin's ghost (amateur DEHu)
  1754 | D:3      | Found a basalt altar of Yredelemnul.
  1780 | D:3      | Noticed Ijyb
  1794 | D:3      | Killed Ijyb
  1795 | D:3      | Reached XP level 5. HP: 16/42 MP: 5/5
  2021 | D:3      | Found a runed translucent door.
  2022 | D:3      | Noticed Crazy Yiuf
  2073 | D:3      | Found a transporter.
  2219 | D:3      | Noticed Grinder
  2224 | D:3      | Paralysed by Grinder for 2 turns
  2251 | D:3      | Paralysed by Grinder for 7 turns
  2259 | D:3      | Killed Grinder
  2260 | D:3      | Reached skill level 4 in Fighting
  2260 | D:3      | Reached skill level 1 in Crossbows
  2260 | D:3      | Reached XP level 6. HP: 49/49 MP: 6/6
  2875 | D:4      | Found a staircase to the Ecumenical Temple.
  2897 | D:4      | Noticed an orc warrior
  2918 | D:4      | Noticed an orc warrior
  2918 | D:4      | HP: 2/49 [orc warrior/+2 hand axe of freezing (10)]
  2918 | D:4      | Slain by an orc warrior

Illustrated notes

Levels and vault maps discovered:
D:1:      saegor_arrival_simple_e, layout_basic, basic_ecumenical_altar,
          minmay_gold_behind_fungi, minmay_misc_feat_five
D:2:      minmay_thinvault, layout_basic, basic_altar, minmay_between
D:3:      layout_loops_ring, nicolae_yredelemnul_ghost_church,
          gammafunk_ghost_arena, glass_columns_b, uniq_grinder,
          uniq_crazy_yiuf_cottage, uniq_ijyb
D:4:      layout_cave_pods, hangedman_ru_absence, minmay_temple_entry_arrows

Skill      XL: |  1  2  3  4  5 |
---------------+----------------+-----
Dodging        | 1 2 |  2.0
Fighting       | 4 |  4.5
Maces & Flails | 3 |  3.6
Crossbows      | 1 |  1.5
Armour         | |  3.7
Shields        | |  3.7

Action                   |  1- 3 |  4- 6 || total
-------------------------+-------+-------++-------
Melee: Flail             |   106 |    59 ||   165
 Fire: Hand crossbow     |    15 |    49 ||    64
Evoke: Wand              |       |     1 ||     1
  Use: Potion            |       |     1 ||     1
Armor: Scale mail        |    58 |    26 ||    84
Dodge: Dodged            |    64 |    28 ||    92
Block: Buckler           |    27 |     8 ||    35

Table legend: (Time is in decaauts)
 A = Elapsed time spent in this place.
 B = Non-inter-level travel time spent in this place.
 C = Inter-level travel time spent in this place.
 D = Time resting spent in this place.
 E = Time spent auto-exploring this place.
 F = Levels seen in this place.
 G = Mean time per level.
                   A        B        C        D        E       F      G
               +--------+--------+--------+--------+--------+-----+--------+
         Total |   2998 |   2806 |    192 |    370 |   1910 |   4 |  749.5 |
       Dungeon |   2998 |   2806 |    192 |    370 |   1910 |   4 |  749.5 |
               +--------+--------+--------+--------+--------+-----+--------+

Top non-repeatable levels by time:
     D:1: 1252 daAuts
     D:3: 1114 daAuts
     D:2: 460 daAuts
     D:4: 171 daAuts
